 Dungeon Crawl Stone Soup version 0.28.0 (webtiles) character file.

Game seed: 15709513015706316494

1721 Kaptain the Digger (level 9, -6/51 HPs)
             Began as a Gargoyle Earth Elementalist on Feb 14, 2022.
             Killed from afar by a steam dragon (14 damage)
             ... with a ball of steam
             ... on level 8 of the Dungeon.
             The game lasted 00:11:07 (5500 turns).

Kaptain the Digger (Gargoyle Earth Elementalist)    Turns: 5500, Time: 00:11:08

Health: -6/51      AC: 11    Str: 11    XL:     9   Next: 4%
Magic:  10/16      EV: 16    Int: 21    God:
Gold:   227        SH:  0    Dex: 10    Spells: 14/18 levels left

rFire   . . .      SeeInvis .   y - +3 short sword
rCold   . . .      Faith    .   (no shield)
rNeg    + + .      Spirit   .   d - +0 leather armour
rPois   ∞          Reflect  .   j - +0 helmet
rElec   +          Harm     .   (no cloak)
rCorr   .          Rampage  .   (no gloves)
Will    .....                   (no boots)
Stlth   ++........              (no amulet)
HPRegen 0.17/turn               e - +4 ring of evasion
MPRegen 0.15/turn               k - ring of positive energy

@: no status effects
A: sickness immunity, AC +6, negative energy resistance 1, electricity
resistance, torment resistance 1, petrification resistance
a: no special abilities


You were on level 8 of the Dungeon.
You visited 2 branches of the dungeon, and saw 9 of its levels.

You collected 227 gold pieces.

Inventory:

Hand Weapons
 h - a +1 dagger of venom
 l - a +0 trident
 x - a +0 rapier
 y - a +3 short sword (weapon)
Missiles
 c - 90 stones
Armour
 d - a +0 leather armour (worn)
 j - a +0 helmet (worn)
 r - a +0 buckler
Jewellery
 e - a +4 ring of evasion (left hand)
 k - a ring of positive energy (right hand)
Wands
 v - a wand of mindburst (14)
Scrolls
 a - 3 scrolls of teleportation
 g - a scroll of immolation
 o - 4 scrolls of identify
 t - a scroll of fog
 u - 2 scrolls of summoning
Potions
 b - 2 potions of invisibility
 f - 5 potions of curing
 i - a potion of might
 m - a potion of ambrosia
 n - a potion of attraction {unknown}
 q - a potion of brilliance {unknown}
 s - 3 potions of lignification {unknown}
 z - a potion of haste {unknown}


   Skills:
 + Level 3.6 Fighting
 + Level 3.4 Armour
 + Level 3.2 Dodging
 + Level 4.5 Stealth
 + Level 2.6 Shields
 * Level 5.0 Spellcasting
 * Level 4.8 Conjurations
 - Level 0.7 Transmutations
 * Level 6.8 Earth Magic


You had 14 spell levels left.
You knew the following spells:

 Your Spells              Type           Power      Damage    Failure   Level
a - Sandblast             Erth           68%        2d15      1%          1
b - Stone Arrow           Conj/Erth      58%        3d10      3%          3

Your spell library contained the following spells:

 Spells                   Type           Power      Damage    Failure   Level
 Passwall                 Tmut/Erth      17%        N/A       4%          2
 Petrify                  Tmut/Erth      21%        N/A       28%         4
 Frozen Ramparts          Ice            10%        1d3       38%         3
 Tukima's Dance           Hex            5%         N/A       38%         3
 Ice Form                 Ice/Tmut       6%         N/A       75%         4
 Irradiate                Conj/Tmut      8%         3d16      77%         5
 Passage of Golubria      Tloc           5%         N/A       80%         4
 Summon Ice Beast         Ice/Summ       5%         N/A       80%         4
 Yara's Violent Unravell  Hex/Tmut       3%         3d4       97%         5
 Sublimation of Blood     Necr           Unusable   N/A       N/A         2

Dungeon Overview and Level Annotations

Branches:
Dungeon (9/15)             Temple (1/1) D:5
   Lair: D:8-11         Orc: D:9-12

Altars:
Ashenzari
Cheibriados
Dithmenos
Elyvilon
Fedhas
Gozag
Hepliaklqana
Kikubaaqudgha
Okawaru
Qazlal
Sif Muna
Uskayaw
Vehumet
Wu Jian
Xom
Yredelemnul
The Shining One


Innate Abilities, Weirdness & Mutations

You are immune to sickness and miasma.
Your stone body is resilient. (AC +6)
You are immune to poison.
You resist negative energy. (rN+)
You are resistant to electric shocks. (rElec)
You are resistant to unholy torment.
You are immune to petrification.


Message History

Aiming: Sandblast (safe; 1% risk of failure)
Press: ? - help, Shift-Dir - straight line, f - steam dragon
Aim: a steam dragon (82% to hit)
The blast of sand hits the steam dragon!
The steam dragon is moderately wounded.
The steam dragon breathes steam at you. The ball of steam hits you!
You hear a shout!
Casting: Sandblast (safe; 1% risk of failure)
Confirm with . or Enter, or press ? or * to list all spells.
Aiming: Sandblast (safe; 1% risk of failure)
Press: ? - help, Shift-Dir - straight line, f/p - steam dragon
Aim: a steam dragon (moderately wounded, catching its breath, 82% to hit)
The blast of sand hits the steam dragon.
The steam dragon is heavily wounded.
You are engulfed in a cloud of scalding steam.
The steam dragon closely misses you. x2
Unknown command.
Casting: Sandblast (safe; 1% risk of failure)
Confirm with . or Enter, or press ? or * to list all spells.
Aiming: Sandblast (safe; 1% risk of failure)
Press: ? - help, Shift-Dir - straight line, f/p - steam dragon
Aim: a steam dragon (heavily wounded, 82% to hit)
The blast of sand misses the steam dragon.
You are engulfed in a cloud of scalding steam.
The steam dragon bites you but does no damage.
The steam dragon closely misses you.
Unknown command.
Casting: Sandblast (safe; 1% risk of failure)
Confirm with . or Enter, or press ? or * to list all spells.
Aiming: Sandblast (safe; 1% risk of failure)
Press: ? - help, Shift-Dir - straight line, f/p - steam dragon
Aim: a steam dragon (heavily wounded, 82% to hit)
The blast of sand hits the steam dragon!
The steam dragon is almost dead.
You are engulfed in a cloud of scalding steam.
* * * LOW HITPOINT WARNING * * *
The steam dragon breathes steam at you. The ball of steam hits you!
You die...

## #.##
####.§#####
#....@...?#
##....D....##
##...........#
........#...##
.(....#.....#
......##.)..#
?.........###
...........#
...........#


You could see a steam dragon (catching breath).

Vanquished Creatures
  Pikel (D:5)
  Eustachio (D:6)
  A water moccasin (D:4)
  A necrophage (D:5)
  An ogre (D:4)
  A centaur (D:6)
  2 lemures (D:5)
  Blork the orc (D:6)
  A bullfrog (D:6)
  A wyvern zombie (D:8)
  A scorpion (D:5)
  2 howler monkeys
  A bullfrog zombie (D:5)
  3 hounds (D:6)
  2 jellies
  A bullfrog skeleton (D:4)
  Natasha (twice) (D:2)
  A hound skeleton (D:4)
  2 howler monkey skeletons
  7 adders
  An adder zombie (D:5)
  An adder skeleton (D:4)
  2 worms
  A dart slug (D:2)
  An orc (D:9)
  5 ball pythons
  2 bats (D:1)
  7 endoplasms
  A giant cockroach (D:3)
  9 goblins
  4 hobgoblins
  4 quokkas
  A frilled lizard (D:3)
  5 kobolds
  4 rats
81 creatures vanquished.

Notes
Turn   | Place    | Note
-------+----------+-------------------------------------------
     0 | D:1      | Kaptain the Gargoyle Earth Elementalist began the quest for
                  | the Orb.
     0 | D:1      | Reached XP level 1. HP: 10/10 MP: 3/3
   224 | D:1      | Reached XP level 2. HP: 16/16 MP: 3/5
   259 | D:1      | Found a faded altar of an unknown god.
  1116 | D:2      | Reached skill level 4 in Earth Magic
  1165 | D:2      | Reached XP level 3. HP: 15/20 MP: 2/6
  1250 | D:2      | Learned a level 3 spell: Stone Arrow
  1512 | D:2      | Noticed Natasha
  1519 | D:2      | Killed Natasha
  1520 | D:2      | Reached skill level 1 in Fighting
  1520 | D:2      | Reached skill level 1 in Armour
  1520 | D:2      | Reached XP level 4. HP: 25/25 MP: 2/7
  1827 | D:2      | Reached skill level 1 in Conjurations
  2231 | D:2      | Noticed Natasha
  2237 | D:2      | Killed Natasha
  2293 | D:3      | Found a stormy altar of Qazlal.
  2393 | D:3      | Reached XP level 5. HP: 29/29 MP: 9/9
  2717 | D:3      | Found an ancient bone altar of Kikubaaqudgha.
  3012 | D:4      | Noticed an ogre
  3013 | D:4      | Noticed a water moccasin
  3039 | D:4      | Killed an ogre
  3040 | D:4      | Killed a water moccasin
  3041 | D:4      | Reached skill level 5 in Earth Magic
  3041 | D:4      | Reached XP level 6. HP: 23/35 MP: 2/11
  3599 | D:4      | Found a blossoming altar of Fedhas.
  3772 | D:5      | Entered Level 5 of the Dungeon
  3826 | D:5      | Found a staircase to the Ecumenical Temple.
  3835 | Temple   | Entered the Ecumenical Temple
  3970 | D:5      | Reached XP level 7. HP: 40/40 MP: 8/12
  4060 | D:5      | Noticed Pikel
  4452 | D:5      | Found an opulent altar of Gozag.
  4606 | D:5      | Killed Pikel
  4607 | D:5      | Reached skill level 1 in Shields
  4607 | D:5      | Reached skill level 6 in Earth Magic
  4607 | D:5      | Reached XP level 8. HP: 39/45 MP: 3/14
  4970 | D:6      | Noticed Blork the orc
  4970 | D:6      | Noticed Eustachio
  4977 | D:6      | Killed Blork the orc
  4982 | D:6      | Killed Eustachio
  5090 | D:6      | Found a snail-covered altar of Cheibriados.
  5409 | D:6      | You fall into a shaft and drop 3 floors!
  5452 | D:8      | Reached XP level 9. HP: 28/51 MP: 9/16
  5497 | D:8      | Reached skill level 5 in Spellcasting
  5500 | D:8      | Killed from afar by a steam dragon

Illustrated notes

Levels and vault maps discovered:
D:1:      mainiacjoe_arrival_reflecting_pool, layout_basic,
          dreamdust_ecumenical_altar_angels_and_demons, serial_bayou_pond_e,
          chequers_serial_rivers_room_a, amethyst_killhole
D:2:      layout_loops_ring, roderic_st_hans_cross, serial_bayou_crossing,
          uniq_natasha
D:3:      layout_basic, mainiacjoe_overflow_large_starburst
D:4:      layout_basic, mainiacjoe_overflow_24_doors
D:5:      layout_basic, nicolae_gozag_cash_rules_everything_around_me,
          minmay_temple_entry_statues_fountains, uniq_pikel
D:6:      layout_loops_ring, cheibrodos_worm_habitat,
          chequers_serial_rivers_small_b, uniq_duvessa, uniq_eustachio,
          uniq_crazy_yiuf_cottage, uniq_blork_the_orc
D:8:      layout_cave_pools, enter_bailey_3, david_defended_altar_orc
D:9:      layout_basic, due_lair_maze_entry_diamond, uniq_maurice
Temple:   nicolae_temple_hex_pool

Skill      XL: |  1  2  3  4  5  6  7  8  9 |
---------------+----------------------------+-----
Earth Magic    | 4 5 6 |  6.8
Fighting       | 1 2 3 |  3.6
Armour         | 1 2 3 |  3.4
Conjurations   | 1 2 3 4 |  4.8
Dodging        | 2 3 |  3.2
Stealth        | 3 4 |  4.5
Spellcasting   | 3 4 5 |  5.0
Shields        | 1 2 |  2.6
Transmutations | |  0.7

Action                   |  1- 3 |  4- 6 |  7- 9 || total
-------------------------+-------+-------+-------++-------
Melee: Dagger            |    31 |    82 |    39 ||   152
       Punch             |       |       |     2 ||     2
 Cast: Sandblast         |    18 |    35 |    57 ||   110
       Stone Arrow       |       |       |     3 ||     3
  Use: Scroll            |     2 |     6 |     3 ||    11
       Potion            |       |       |     2 ||     2
 Stab: Sleeping          |     3 |     4 |     1 ||     8
Armor: Leather armour    |     6 |    28 |    26 ||    60
Dodge: Dodged            |    24 |    68 |    52 ||   144
